 Dungeon Crawl Stone Soup version 0.29-a0-111-gbaf749a769 (webtiles) character file.

Game seed: 16501664510882258680

60 dracfodder the Cudgeller (level 4, -6/43 HPs)
             Began as a Gargoyle Berserker on Feb 17, 2022.
             Was a Follower of Trog.
             Mangled by Robin (9 damage)
             ... on level 2 of the Dungeon.
             The game lasted 00:04:20 (1333 turns).

dracfodder the Cudgeller (Gargoyle Berserker)       Turns: 1333, Time: 00:04:20

Health: -6/43      AC: 16    Str: 22    XL:     4   Next: 6%
Magic:  4/4        EV:  6    Int:  8    God:    Trog [*.....]
Gold:   46         SH:  0    Dex:  9    Spells: 3/3 levels left

rFire   . . .      SeeInvis .   a - +0 mace
rCold   . . .      Faith    .   (no shield)
rNeg    + . .      Spirit   .   b - +0 plate armour
rPois   ∞          Reflect  .   (no helmet)
rElec   +          Harm     .   f - +0 cloak
rCorr   .          Rampage  .   (no gloves)
Will    .....                   k - +0 pair of boots
Stlth   ..........              (no amulet)
HPRegen 0.14/turn               (no ring)
MPRegen 0.09/turn               (no ring)

@: berserking, very quick
A: sickness immunity, AC +3, negative energy resistance 1, electricity
resistance, torment resistance 1, petrification resistance
a: Renounce Religion, Berserk


You were on level 2 of the Dungeon.
You worshipped Trog.
Trog was aware of your devotion.
You visited 1 branch of the dungeon, and saw 3 of its levels.

You collected 46 gold pieces.

Inventory:

Hand Weapons
 a - a +0 mace (weapon)
Missiles
 e - 2 stones (quivered)
 g - 38 arrows
 j - 5 poisoned darts
Armour
 b - a +0 plate armour (worn)
 f - a +0 cloak (worn)
 k - a +0 pair of boots (worn)
Scrolls
 d - a scroll of noise {unknown}
 i - 2 scrolls of teleportation {unknown}
Potions
 c - a potion of flight {unknown}
 h - a potion of degeneration {unknown}
 l - 2 potions of curing {unknown}


   Skills:
 * Level 4.0 Fighting
 + Level 4.1 Maces & Flails
 + Level 2.2 Armour
 + Level 1.8 Dodging


You had 3 spell levels left.
You didn't know any spells.
Your spell library was empty.

Dungeon Overview and Level Annotations

Branches:
Dungeon (3/15)

Altars:

Annotations:
D:2 Robin


Innate Abilities, Weirdness & Mutations

You are immune to sickness and miasma.
Your stone body is resilient. (AC +3)
You are immune to poison.
You resist negative energy. (rN+)
You are resistant to electric shocks. (rElec)
You are resistant to unholy torment.
You are immune to petrification.


Message History

You are too injured to fight recklessly!
You are too injured to fight recklessly!
A red film seems to cover your vision as you go berserk!
You feel yourself moving faster!
You feel mighty! The goblin hits you but does no damage.
The goblin barely misses you. Robin throws the goblin at you!
The goblin hits you but does no damage. x2
The hobgoblin hits you but does no damage.
You thump the goblin!
You kill the goblin!
Trog accepts your kill. The goblin hits you with a +0 club.
The goblin barely misses you. Robin throws the goblin at you!
You have reached level 4!
You feel clever.
You closely miss the goblin. The hobgoblin barely misses you.
The goblin barely misses you. The goblin closely misses you.
The goblin barely misses you. The goblin hits you but does no damage.
Unknown command.
You sock the goblin!
You kill the goblin!
Trog accepts your kill.
The hobgoblin hits you but does no damage.
The goblin hits you with a +0 dagger.
* * * LOW HITPOINT WARNING * * *
The goblin hits you but does no damage.
You thump the goblin!
You feel the power of Trog in you as your rage grows.
You kill the goblin!
Trog accepts your kill. The goblin hits you with a +0 club.
* * * LOW HITPOINT WARNING * * *
The goblin hits you but does no damage.
You closely miss the hobgoblin. The goblin hits you with a +0 club.
* * * LOW HITPOINT WARNING * * *
The goblin hits you but does no damage. The hobgoblin barely misses you.
Unknown command.
You completely miss Robin. The goblin hits you with a +0 club.
* * * LOW HITPOINT WARNING * * *
Robin hits you with a +5 mace of venom!
You die...

#....##########..
#<#.....†.........
##.##.#........#####..#
...............# #.#
..###.#........#
#...........#
#.....###.#### #.......
#.g### #....... ##g@)#
#....... ##gg$#
##.....## .....# #.....
.......# ........#
##.......# ##.....##
#.....#


You could see Robin, a hobgoblin (strong) and 2 goblins.

Vanquished Creatures
  3 gnolls (D:2)
  A dart slug (D:2)
  A giant cockroach (D:1)
  9 goblins
  4 hobgoblins
  3 kobolds (D:1)
  A quokka (D:2)
  2 ball pythons (D:1)
  2 frilled lizards (D:1)
  A rat (D:2)
27 creatures vanquished.

Vanquished Creatures (others)
  A withered plant (D:2)
1 creature vanquished.

Grand Total: 28 creatures vanquished

Notes
Turn   | Place    | Note
-------+----------+-------------------------------------------
     0 | D:1      | dracfodder the Gargoyle Berserker began the quest for the
                  | Orb.
     0 | D:1      | Reached XP level 1. HP: 14/14 MP: 1/1
   402 | D:1      | Reached XP level 2. HP: 13/19 MP: 2/2
   717 | D:1      | You fall into a shaft and drop 1 floor!
   736 | D:2      | Reached XP level 3. HP: 19/24 MP: 3/3
  1105 | D:2      | Found a faded altar of an unknown god.
  1315 | D:2      | Noticed Robin
  1329 | D:2      | Reached XP level 4. HP: 13/29 MP: 4/4
  1333 | D:2      | Mangled by Robin

Illustrated notes

Levels and vault maps discovered:
D:1:      minmay_arrival_wavy_path, layout_basic
D:2:      layout_rooms, ebering_ecumenical_altar_petrified, uniq_sigmund,
          uniq_robin
D:3:      layout_loops_ring, uniq_ijyb

Skill      XL: |  1  2  3 |
---------------+----------+-----
Fighting       | 4 |  4.0
Maces & Flails | 4 |  4.1
Armour         | |  2.2
Dodging        | |  1.8

Action                   |  1- 3 |  4- 6 || total
-------------------------+-------+-------++-------
Melee: Mace              |    72 |     5 ||    77
       Punch             |     1 |       ||     1
Invok: Berserk           |     1 |       ||     1
Armor: Animal skin       |     8 |       ||     8
       Plate armour      |    69 |     5 ||    74
Dodge: Dodged            |    38 |     5 ||    43

Table legend: (Time is in decaauts)
 A = Elapsed time spent in this place.
 B = Non-inter-level travel time spent in this place.
 C = Inter-level travel time spent in this place.
 D = Time resting spent in this place.
 E = Time spent auto-exploring this place.
 F = Levels seen in this place.
 G = Mean time per level.
                   A        B        C        D        E       F      G
               +--------+--------+--------+--------+--------+-----+--------+
         Total |   1352 |   1334 |     18 |    302 |    745 |   3 |  450.7 |
       Dungeon |   1352 |   1334 |     18 |    302 |    745 |   3 |  450.7 |
               +--------+--------+--------+--------+--------+-----+--------+

Top non-repeatable levels by time:
     D:1: 822 daAuts
     D:2: 526 daAuts
     D:3: 4 daAuts
